 Dungeon Crawl Stone Soup version 0.30-a0-458-g86641cc369 (webtiles) character file.

Game seed: 7711448106837976904

127 gelatine the Stinger (level 5, 0/31 HPs)
             Began as an Octopode Venom Mage on Dec 15, 2022.
             Killed from afar by an orc wizard (7 damage)
             ... with a magic dart
             ... on level 3 of the Dungeon.
             The game lasted 00:05:31 (1898 turns).

gelatine the Stinger (Octopode Venom Mage)          Turns: 1898, Time: 00:05:32

Health: 0/31       AC:  1    Str:  7    XL:     5   Next: 11%
Magic:  4/9        EV: 13    Int: 19    God:
Gold:   86         SH:  0    Dex: 13    Spells: 3/9 levels left

rFire   + . .      SeeInvis .    q - +0 whip (elec)
rCold   + . .      Faith    .    (no shield)
rNeg    . . .      Spirit   .    (helmet restricted)
rPois   +          Reflect  .    (no amulet)
rElec   +          Harm     .    (no ring)
rCorr   +          Rampage  .    (no ring)
Will    .....                    (no ring)
Stlth   +++.......               (no ring)
HPRegen 0.25/turn                (no ring)
MPRegen 0.11/turn                (no ring)
                                 (no ring)
                                 (no ring)

@: resistant, flying
A: almost no armour, amphibious, 8 rings, camouflage 1, gelatinous body 1,
(nimble swimmer 1), tentacles
a: no special abilities


You were on level 3 of the Dungeon.
You visited 1 branch of the dungeon, and saw 3 of its levels.

You collected 158 gold pieces.
You spent 72 gold pieces at shops.

Inventory:

Hand Weapons
 j - a +0 short sword
 q - a +0 whip of electrocution (weapon)
Magical Staves
 b - a staff of air
Scrolls
 d - a scroll of blinking {unknown}
 e - a scroll of brand weapon {unknown}
 h - a scroll of enchant weapon {unknown}
 k - 2 scrolls of vulnerability {unknown}
 m - a scroll of magic mapping {unknown}
 n - a scroll of identify
 o - 3 scrolls of teleportation {unknown}
 r - a scroll of poison {unknown}
Potions
 a - a potion of magic
 c - a potion of lignification
 f - a potion of attraction
 g - a potion of mutation


   Skills:
 + Level 0.1 Fighting
 + Level 0.1 Short Blades
 + Level 2.1 Dodging
 + Level 3.1 Stealth
 + Level 2.9 Spellcasting
 + Level 2.8 Transmutations
 + Level 4.7 Poison Magic


You had 3 spell levels left.
You knew the following spells:

 Your Spells              Type           Power      Damage    Failure   Level
a - Sting                 Tmut/Pois      68%        1d6       3%          1
b - Poisonous Vapours     Pois/Air       22%        N/A       9%          2
c - Mephitic Cloud        Conj/Pois/Air  8%         N/A       24%         3

Your spell library contained the following spells:

 Spells                   Type           Power      Damage    Failure   Level
 Olgreb's Toxic Radiance  Pois           20%        N/A       22%         4


Dungeon Overview and Level Annotations

Branches:
Dungeon (3/15)

Altars:

Shops:
D:2 *


Innate Abilities, Weirdness & Mutations

You cannot wear most types of armour.
You are amphibious.
You can wear up to eight rings at the same time.
Your skin changes colour to match your surroundings (Stealth+).
Your rubbery body absorbs attacks. (AC +1, EV +1)
((You are camouflaged when in or above water. (Stealth+)))
You have tentacles for arms and can constrict up to eight enemies at once.


Message History

You hit something. Your squeeze misses something.
You hear some strange, mumbled words.
A magic dart appears from out of thin air!
The magic dart hits you.
You hit something but do no damage.
The kobold throws a stone.
Something hits you.
* * * LOW HITPOINT WARNING * * *
You hit something but do no damage.
The kobold throws a stone.
The stone barely misses you. Something hits you.
* * * LOW HITPOINT WARNING * * *
You closely miss something. Something completely misses you.
You hit something.
You hear some strange, mumbled words.
You are confused.
You hear some strange, mumbled words.
You are more confused.
You miss something. Something hits you.
* * * LOW HITPOINT WARNING * * *
You closely miss something. Your squeeze misses something. Something hits you.
* * * LOW HITPOINT WARNING * * *
You barely miss something.
The kobold throws a stone.
Something hits you.
* * * LOW HITPOINT WARNING * * *
It was a potion of curing.
You feel better. Something barely misses you.
It was a potion of resistance.
You feel protected.
The kobold throws a stone.
The stone hits you.
* * * LOW HITPOINT WARNING * * *
Something hits you but does no damage.
It was a potion of flight.
You feel very buoyant.
You fly up into the air.
The kobold throws a stone.
You hear some strange, mumbled words.
A puff of flame appears from out of thin air!
The puff of flame misses you.
Okay, then.
You miss something. Your squeeze misses something.
The kobold throws a stone.
You hear some strange, mumbled words.
A magic dart appears from out of thin air!
The magic dart hits you!
You die...

####### # #.....####.#
# #.##.......# .###
#####.......#######...
#............[.#....#
#.###..##.#.##.#...
##.###..####.##.#.#
....##..####.##.@{#
##...........#####K).#
##..##...##..<# #.#
..............# #
##..###<.##.... #.[#
#...##..# #..# ##..#
...# ..# #.). ...


You could see a kobold.

Vanquished Creatures
  An orc priest (D:3)
  An orc wizard (D:3)
  An adder (D:2)
  3 worms (D:2)
  4 dart slugs
  An orc (D:3)
  An endoplasm (D:1)
  4 giant cockroaches
  4 hobgoblins (D:2)
  2 jackals (D:1)
  3 quokkas
  4 ball pythons
  6 bats
  A frilled lizard (D:1)
  6 goblins
  2 kobolds (D:2)
  3 rats
47 creatures vanquished.

Notes
Turn   | Place    | Note
-------+----------+-------------------------------------------
     0 | D:1      | gelatine the Octopode Venom Mage began the quest for the
                  | Orb.
     0 | D:1      | Reached XP level 1. HP: 11/11 MP: 3/3
    91 | D:1      | Reached skill level 4 in Poison Magic
    99 | D:1      | Reached XP level 2. HP: 13/17 MP: 0/5
   510 | D:1      | Reached XP level 3. HP: 20/21 MP: 3/6
   830 | D:1      | Learned a level 2 spell: Poisonous Vapours
   834 | D:1      | Learned a level 3 spell: Mephitic Cloud
   836 | D:2      | Found Cerghav's General Store.
   844 | D:2      | Bought 3 scrolls of identify for 72 gold pieces
  1199 | D:2      | Reached XP level 4. HP: 8/27 MP: 1/7
  1887 | D:3      | Reached XP level 5. HP: 15/31 MP: 3/9
  1894 | D:3      | HP: 1/31 [something (3)]
  1898 | D:3      | Killed from afar by an orc wizard

Illustrated notes

Levels and vault maps discovered:
D:1:      psy_arrival_dodecagon, layout_rooms, minmay_tall_x
D:2:      layout_basic, serial_shops, shop_fountains
D:3:      layout_loops_ring, hellmonk_okawaru_the_only_friend_you_need

Skill      XL: |  1  2  3 |
---------------+----------+-----
Poison Magic   | 4 |  4.7
Stealth        | 3 |  3.1
Transmutations | 2 |  2.8
Fighting       | |  0.1
Short Blades   | |  0.1
Dodging        | |  2.1
Spellcasting   | |  2.9

Action                   |  1- 3 |  4- 6 || total
-------------------------+-------+-------++-------
Melee: Staff             |    14 |       ||    14
       Tentacles         |     3 |     3 ||     6
       Constrict         |     9 |     2 ||    11
       Short sword       |    16 |       ||    16
       Whip              |       |    16 ||    16
 Cast: Sting             |    53 |    23 ||    76
  Use: Scroll            |     3 |       ||     3
       Potion            |       |     3 ||     3
 Stab: Sleeping          |     1 |       ||     1
Armor: Skin              |     5 |     4 ||     9
Dodge: Dodged            |    39 |    10 ||    49

Table legend: (Time is in decaauts)
 A = Elapsed time spent in this place.
 B = Non-inter-level travel time spent in this place.
 C = Inter-level travel time spent in this place.
 D = Time resting spent in this place.
 E = Time spent auto-exploring this place.
 F = Levels seen in this place.
 G = Mean time per level.
                   A        B        C        D        E       F      G
               +--------+--------+--------+--------+--------+-----+--------+
         Total |   1900 |   1868 |     32 |      0 |   1536 |   3 |  633.3 |
       Dungeon |   1900 |   1868 |     32 |      0 |   1536 |   3 |  633.3 |
               +--------+--------+--------+--------+--------+-----+--------+

Top non-repeatable levels by time:
     D:2: 991 daAuts
     D:1: 837 daAuts
     D:3: 71 daAuts
